MLB
MIAMI MARLINS @ WASHINGTON NATIONALS
03/10/2020
 
TOP OF THE 1ST
Miami Marlins batting - Pitching for Washington Nationals : RHP Michael Wacha
Pitching: RHP Michael Wacha
Batting: SHB Francisco Lindor 0-0: Foul Ball, location: 2F
0-1: SOLO HOME RUN (Flyball, 7D, EV 98.8 MPH), Distance : 419 ft
Batting: RHB Mike Trout 0-0: Ball
1-0: Foul Ball, location: 2F
1-1: Ball
2-1: Ball
3-1: Base on Balls
Batting: RHB Javier Baez 0-0: Called Strike
0-1: Ball
1-1: Foul Ball, location: 2F
1-2: Strikes out swinging
Batting: LHB Max Kepler 0-0: Swinging Strike
0-1: Swinging Strike
0-2: Ball
1-2: Foul Ball, location: 2F
1-2: Strikes out swinging
Batting: RHB Miguel Andujar 0-0: SINGLE (Line Drive, 56D, EV 101.9 MPH)
Mike Trout to second
Batting: LHB Kyle Tucker 0-0: Called Strike
0-1: Foul Ball, location: 2F
0-2: Ball
1-2: Ball
2-2: Strikes out swinging
Top of the 1st over - 1 run, 2 hits, 0 errors, 2 left on base; Miami 1 - Washington 0
BOTTOM OF THE 1ST
Washington Nationals batting - Pitching for Miami Marlins : RHP Rogelio Armenteros
Pitching: RHP Rogelio Armenteros
Batting: LHB Andrew Benintendi 0-0: Ball
1-0: Swinging Strike
1-1: Ground out 6-3 (Groundball, 6, EV 90.0 MPH)
Batting: RHB Adeiny Hechavarria 0-0: Called Strike
0-1: Ball
1-1: Swinging Strike
1-2: Foul Ball, location: 2F
1-2: Ball
2-2: Foul Ball, location: 2F
2-2: Foul Ball, location: 2F
2-2: Ball
3-2: Foul Ball, location: 2F
3-2: Foul Ball, location: 2F
3-2: Base on Balls
Batting: LHB Adam Eaton 0-0: Called Strike
0-1: DOUBLE (Line Drive, 78XD, EV 106.9 MPH)
Adeiny Hechavarria to third
Batting: RHB Chris Taylor 0-0: Called Strike
0-1: Foul Ball, location: 2F
0-2: Strikes out swinging
Batting: LHB Mike Ford 0-0: Ball
1-0: Ground out 6-3 (Groundball, 6, EV 87.5 MPH)
Bottom of the 1st over - 0 runs, 1 hit, 0 errors, 2 left on base; Miami 1 - Washington 0
TOP OF THE 2ND
Miami Marlins batting - Pitching for Washington Nationals : RHP Michael Wacha
Batting: RHB C.J. Cron 0-0: Ball
1-0: Called Strike
1-1: Fly out, F9 (Flyball, 9, EV 85.6 MPH)
Batting: LHB Chance Sisco 0-0: Foul Ball, location: 2F
0-1: Ball
1-1: Ball
2-1: Foul Ball, location: 2F
2-2: Foul Ball, location: 2F
2-2: SOLO HOME RUN (Flyball, 89XD, EV 99.4 MPH), Distance : 431 ft
Batting: RHB Rogelio Armenteros 0-0: Ground out U3 (Groundball, 34, EV 99.4 MPH)
Batting: SHB Francisco Lindor 0-0: Called Strike
0-1: Called Strike
0-2: Ground out 3-1 (Groundball, 34, EV 89.4 MPH)
Top of the 2nd over - 1 run, 1 hit, 0 errors, 0 left on base; Miami 2 - Washington 0
BOTTOM OF THE 2ND
Washington Nationals batting - Pitching for Miami Marlins : RHP Rogelio Armenteros
Batting: RHB Evan Longoria 0-0: Ball
1-0: Ball
2-0: Called Strike
2-1: Fly out, F3 (Popup, 3F, EV 66.9 MPH)
Batting: LHB Jackie Bradley Jr. 0-0: Swinging Strike
0-1: Bunt for hit to 15S - play at first, batter safe!
Batting: LHB Michael Perez 0-0: Foul Ball, location: 2F
0-1: Grounds into double play, 1-6-3 (Groundball, 13, EV 88.8 MPH)
Bottom of the 2nd over - 0 runs, 1 hit, 0 errors, 0 left on base; Miami 2 - Washington 0
TOP OF THE 3RD
Miami Marlins batting - Pitching for Washington Nationals : RHP Michael Wacha
Batting: RHB Mike Trout 0-0: Ball
1-0: Called Strike
1-1: Bunt for hit to P - play at first, batter safe!
Batting: RHB Javier Baez 0-0: Called Strike
0-1: DOUBLE (Flyball, 89XD, EV 94.4 MPH)
Mike Trout to third
Batting: LHB Max Kepler 0-0: Foul Ball, location: 2F
0-1: Ball
1-1: Foul Ball, location: 2F
1-2: Ball
2-2: Foul Ball, location: 2F
2-2: Strikes out swinging
Batting: RHB Miguel Andujar 0-0: Fly out, F5 (Line Drive, 5, EV 68.1 MPH)
Batting: LHB Kyle Tucker 0-0: Foul Ball, location: 2F
0-1: Called Strike
0-2: Ball
1-2: Ball
2-2: SINGLE (Line Drive, 34D, EV 110.6 MPH)
Mike Trout scores
Javier Baez to third
Runner from 3rd tries for Home, SAFE, throw by RF to home
Kyle Tucker to second
Batting: RHB C.J. Cron 0-0: Foul Ball, location: 2F
0-1: Ball
1-1: Ball
2-1: Fly out, F7 (Flyball, 78M, EV 80.0 MPH)
Top of the 3rd over - 2 runs, 3 hits, 0 errors, 1 left on base; Miami 4 - Washington 0
BOTTOM OF THE 3RD
Washington Nationals batting - Pitching for Miami Marlins : RHP Rogelio Armenteros
Batting: RHB Michael Wacha 0-0: Called Strike
0-1: Ball
1-1: Called Strike
1-2: Ball
2-2: Strikes out swinging
Batting: LHB Andrew Benintendi 0-0: Ball
1-0: Ball
2-0: Called Strike
2-1: SINGLE (Groundball, 4M, EV 104.4 MPH) (infield hit)
Batting: RHB Adeiny Hechavarria 0-0: Foul Ball, location: 2F
0-1: SINGLE (Line Drive, 78M, EV 88.1 MPH)
Andrew Benintendi to second
Batting: LHB Adam Eaton 0-0: Foul Ball, location: 2F
0-1: Ball
1-1: Ball
2-1: Called Strike
2-2: Fly out, F8 (Flyball, 8RS, EV 87.5 MPH)
Batting: RHB Chris Taylor 0-0: Fielders Choice at 2nd, 6-4 (Groundball, 6, EV 89.4 MPH)
Bottom of the 3rd over - 0 runs, 2 hits, 0 errors, 2 left on base; Miami 4 - Washington 0
TOP OF THE 4TH
Miami Marlins batting - Pitching for Washington Nationals : RHP Michael Wacha
Batting: LHB Chance Sisco 0-0: Ball
1-0: Foul Ball, location: 2F
1-1: Ground out 4-3 (Groundball, 4S, EV 88.8 MPH)
Batting: RHB Rogelio Armenteros 0-0: Ground out 6-3 (Groundball, 6D, EV 110.6 MPH)
Batting: SHB Francisco Lindor 0-0: Swinging Strike
0-1: Ball
1-1: Ball
2-1: Foul Ball, location: 2F
2-2: Strikes out swinging
Top of the 4th over - 0 runs, 0 hits, 0 errors, 0 left on base; Miami 4 - Washington 0
BOTTOM OF THE 4TH
Washington Nationals batting - Pitching for Miami Marlins : RHP Rogelio Armenteros
Batting: LHB Mike Ford 0-0: Ball
1-0: Foul Ball, location: 2F
1-1: Called Strike
1-2: Ball
2-2: Ball
3-2: Base on Balls
Batting: RHB Evan Longoria 0-0: Swinging Strike
0-1: Fly out, F9 (Flyball, 89M, EV 80.6 MPH)
Batting: LHB Jackie Bradley Jr. 0-0: Swinging Strike
0-1: 2-RUN HOME RUN (Flyball, 9D, EV 96.3 MPH), Distance : 392 ft
Batting: LHB Michael Perez 0-0: Called Strike
0-1: Ball
1-1: SINGLE (Line Drive, 7LS, EV 98.8 MPH)
Pinch Hitting: RHB Tyler White 0-0: Foul Ball, location: 2F
0-1: Ball
1-1: Called Strike
1-2: Fly out, F8 (Flyball, 8LS, EV 78.1 MPH)
Batting: LHB Andrew Benintendi 0-0: Called Strike
0-1: Swinging Strike
0-2: Ball
1-2: Strikes out looking
Bottom of the 4th over - 2 runs, 2 hits, 0 errors, 1 left on base; Miami 4 - Washington 2
TOP OF THE 5TH
Miami Marlins batting - Pitching for Washington Nationals : RHP Michael Wacha
Pitching: RHP Dominic Leone
Batting: RHB Mike Trout 0-0: Foul Ball, location: 2F
0-1: Called Strike
0-2: Ball
1-2: Ball
2-2: Ground out 4-3 (Groundball, 34, EV 83.1 MPH)
Batting: RHB Javier Baez 0-0: Ball
1-0: Ball
2-0: Hit by Pitch
Batting: LHB Max Kepler 0-0: Ball
1-0: Foul Ball, location: 2F
1-1: Foul Ball, location: 2F
1-2: SINGLE (Groundball, 6D, EV 101.3 MPH)
Javier Baez to second
Batting: RHB Miguel Andujar 0-0: Called Strike
0-1: Swinging Strike
0-2: Ball
1-2: Strikes out swinging
Batting: LHB Kyle Tucker 0-0: Called Strike
0-1: Called Strike
0-2: Foul Ball, location: 2F
0-2: Strikes out swinging
Top of the 5th over - 0 runs, 1 hit, 0 errors, 2 left on base; Miami 4 - Washington 2
BOTTOM OF THE 5TH
Washington Nationals batting - Pitching for Miami Marlins : RHP Rogelio Armenteros
Pitching: RHP Jaime Barria
Batting: RHB Adeiny Hechavarria 0-0: DOUBLE (Groundball, 5L, EV 103.8 MPH)
Batting: LHB Adam Eaton 0-0: Swinging Strike
0-1: Fly out, F6 (Popup, 6MS, EV 80.6 MPH)
Batting: RHB Chris Taylor 0-0: Called Strike
0-1: Swinging Strike
0-2: Ball
1-2: Foul Ball, location: 2F
1-2: Foul Ball, location: 2F
1-2: Strikes out swinging
Batting: LHB Mike Ford 0-0: Fly out, F8 (Flyball, 8LM, EV 85.6 MPH)
Bottom of the 5th over - 0 runs, 1 hit, 0 errors, 1 left on base; Miami 4 - Washington 2
TOP OF THE 6TH
Miami Marlins batting - Pitching for Washington Nationals : RHP Dominic Leone
Batting: RHB C.J. Cron 0-0: Called Strike
0-1: Foul Ball, location: 2F
0-2: Foul Ball, location: 2F
0-2: Foul Ball, location: 2F
0-2: Strikes out looking
Batting: LHB Chance Sisco 0-0: Ball
1-0: Foul Ball, location: 2F
1-1: Swinging Strike
1-2: Fly out, F6 (Flyball, 56D, EV 89.4 MPH)
Pinch Hitting: LHB Christin Stewart 0-0: Foul Ball, location: 2F
0-1: Foul Ball, location: 2F
0-2: Ground out U3 (Groundball, 3L, EV 84.4 MPH)
Top of the 6th over - 0 runs, 0 hits, 0 errors, 0 left on base; Miami 4 - Washington 2
BOTTOM OF THE 6TH
Washington Nationals batting - Pitching for Miami Marlins : RHP Jaime Barria
Pitching: RHP Blake Treinen
Batting: RHB Evan Longoria 0-0: SOLO HOME RUN (Flyball, 7D, EV 108.8 MPH), Distance : 409 ft
Batting: LHB Jackie Bradley Jr. 0-0: Ball
1-0: Foul Ball, location: 2F
1-1: Called Strike
1-2: Fly out, F9 (Flyball, 9LS, EV 83.1 MPH)
Batting: LHB Michael Perez 0-0: Foul Ball, location: 2F
0-1: Swinging Strike
0-2: Ball
1-2: Ball
2-2: Foul Ball, location: 2F
2-2: Ball
3-2: Base on Balls
Pinch Hitting: LHB Yonder Alonso 0-0: Called Strike
0-1: Swinging Strike
0-2: Foul Ball, location: 2F
0-2: Ball
Passed Ball!
Michael Perez to second
1-2: Ball
2-2: Strikes out looking
Pinch Hitting: LHB Matt Beaty 0-0: Foul Ball, location: 2F
0-1: Called Strike
0-2: Strikes out swinging
Bottom of the 6th over - 1 run, 1 hit, 0 errors, 1 left on base; Miami 4 - Washington 3
TOP OF THE 7TH
Miami Marlins batting - Pitching for Washington Nationals : RHP Dominic Leone
Pitching: LHP Adam Morgan
Now in LF: Matt Beaty
Pinch Hitting: SHB Rey Navarro 0-0: Ball
1-0: Called Strike
1-1: Ground out 4-3 (Groundball, 4, EV 85.0 MPH)
Pinch Hitting: RHB Tyrone Taylor 0-0: Foul Ball, location: 2F
0-1: Fly out, F6 (Popup, 4MD, EV 56.9 MPH)
Batting: RHB Javier Baez 0-0: Ground out 6-3 (Groundball, 6, EV 105.6 MPH)
Top of the 7th over - 0 runs, 0 hits, 0 errors, 0 left on base; Miami 4 - Washington 3
BOTTOM OF THE 7TH
Washington Nationals batting - Pitching for Miami Marlins : RHP Blake Treinen
Pitching: RHP Ian Kennedy
Now at 2B: Rey Navarro
Now in CF: Daz Cameron
Pinch Hitting: RHB Daniel Robertson 0-0: Ground out 4-3 (Groundball, 34, EV 102.5 MPH)
Pinch Hitting: LHB Corbin Carroll 0-0: Swinging Strike
0-1: Ground out U3 (Groundball, 34, EV 87.5 MPH)
Pinch Hitting: SHB Jed Lowrie 0-0: Called Strike
0-1: Foul Ball, location: 2F
0-2: Fly out, F8 (Flyball, 8LM, EV 87.5 MPH)
Bottom of the 7th over - 0 runs, 0 hits, 0 errors, 0 left on base; Miami 4 - Washington 3
TOP OF THE 8TH
Miami Marlins batting - Pitching for Washington Nationals : LHP Adam Morgan
Pitching: RHP James Kaprielian
Now at 2B: Jed Lowrie
Now at SS: Daniel Robertson
Now in RF: Corbin Carroll
Pinch Hitting: RHB Jordan Luplow 0-0: Foul Ball, location: 2F
0-1: Ball
1-1: Fly out, F1 (Line Drive, P, EV 63.1 MPH)
Batting: RHB Miguel Andujar 0-0: DOUBLE (Flyball, 8LXD, EV 92.5 MPH)
Pinch Hitting: LHB Nick Williams 0-0: Ball
1-0: Called Strike
1-1: Ball
2-1: Ground out 4-3 (Groundball, 34, EV 82.5 MPH)
Miguel Andujar to third
Batting: RHB C.J. Cron 0-0: Foul Ball, location: 2F
0-1: Swinging Strike
0-2: Ball
1-2: Foul Ball, location: 2F
1-2: Fly out, F8 (Line Drive, 8LD, EV 95.6 MPH)
Top of the 8th over - 0 runs, 1 hit, 0 errors, 1 left on base; Miami 4 - Washington 3
BOTTOM OF THE 8TH
Washington Nationals batting - Pitching for Miami Marlins : RHP Ian Kennedy
Pitching: RHP Emmanuel Clase
Now in LF: Nick Williams
Now in RF: Jordan Luplow
Pinch Hitting: RHB Yulieski Gurriel 0-0: Foul Ball, location: 2F
0-1: Ball
1-1: Ball
2-1: Fly out, F4 (Popup, 4S, EV 83.1 MPH)
Pinch Hitting: LHB Nolan Gorman 0-0: Called Strike
0-1: Ball
1-1: Called Strike
1-2: Ball
2-2: Strikes out swinging
Batting: LHB Jackie Bradley Jr. 0-0: Ball
1-0: Ball
2-0: Foul Ball, location: 2F
2-1: Fly out, F6 (Line Drive, 4, EV 70.6 MPH)
Bottom of the 8th over - 0 runs, 0 hits, 0 errors, 0 left on base; Miami 4 - Washington 3
TOP OF THE 9TH
Miami Marlins batting - Pitching for Washington Nationals : RHP James Kaprielian
Now at 1B: Yulieski Gurriel
Now at 3B: Nolan Gorman
Pinch Hitting: RHB Raudy Read 0-0: Called Strike
0-1: Ball
1-1: Ball
2-1: Called Strike
2-2: Foul Ball, location: 2F
2-2: Foul Ball, location: 2F
2-2: Foul Ball, location: 2F
2-2: Ball
3-2: Fly out, F9 (Flyball, 9S, EV 86.3 MPH)
Batting: RHB Daz Cameron 0-0: Called Strike
0-1: Called Strike
0-2: Foul Ball, location: 2F
0-2: Ball
1-2: Ball
2-2: Foul Ball, location: 2F
2-2: Strikes out swinging
Batting: SHB Rey Navarro 0-0: SINGLE (Groundball, 34D, EV 108.8 MPH)
Pinch Hitting: RHB Ryan McKenna 0-0: Ball
1-0: Ball
2-0: Foul Ball, location: 2F
2-1: Foul Ball, location: 2F
2-2: Strikes out swinging
Top of the 9th over - 0 runs, 1 hit, 0 errors, 1 left on base; Miami 4 - Washington 3
BOTTOM OF THE 9TH
Washington Nationals batting - Pitching for Miami Marlins : RHP Emmanuel Clase
Pitching: RHP Triston McKenzie
Now at C: Raudy Read
Pinch Hitting: RHB Tom Murphy 0-0: Swinging Strike
0-1: Swinging Strike
0-2: Ball
1-2: Strikes out swinging
Pinch Hitting: RHB Austin Barnes 0-0: Called Strike
0-1: Ball
1-1: Fly out, F9 (Flyball, 9, EV 79.4 MPH)
Batting: LHB Matt Beaty 0-0: Ball
1-0: Ball
2-0: Called Strike
2-1: Ball
3-1: Foul Ball, location: 2F
3-2: Base on Balls
Pitching: RHP Jordan Hicks
Batting: RHB Daniel Robertson 0-0: Swinging Strike
0-1: Called Strike
0-2: Ball
1-2: Strikes out swinging
Bottom of the 9th over - 0 runs, 0 hits, 0 errors, 1 left on base; Miami 4 - Washington 3
Tuesday, May 5th, 2020 - OOTP Baseball 21.3 Build 48